 Dungeon Sprint DCSS version 0.19-a0-1490-g5dd3618 (webtiles) character file.

4769 poirepourri the Imperceptible (level 10, -16/44 HPs)
             Began as a Spriggan Enchanter on Sept 8, 2016.
             Was a Priest of Dithmenos.
             Killed by an exploding giant spore (34 damage)
             ... in the Dungeon (Sprint I: "Red Sonja").
             The game lasted 00:03:17 (576 turns).

poirepourri the Imperceptible (Spriggan Enchanter)   Turns: 576, Time: 00:03:17

Health: -16/44     AC:  6    Str:  4    XL:     10   Next: 23%
Magic:  26/26      EV: 29    Int: 16    God:    Dithmenos [***...]
Gold:   586        SH:  0    Dex: 21    Spells: 5 memorised, 19 levels left

rFire  . . .     SeeInvis +     a - +1 dagger
rCold  + . .     Gourm    .     o - +1 robe {rC+}
rNeg   . . .     Faith    .     (shield restricted)
rPois  .         Spirit   .     (helmet restricted)
rElec  .         Dismiss  .     n - +2 cloak
rCorr  .         Reflect  .     (gloves unavailable)
MR     +....     Harm     .     (boots unavailable)
Stlth  +++++..... NoTele   +    (no amulet)
                                (no ring)
                                (no ring)

@: confused, wreathed by umbra, very quick
A: unfitting armour, see invisible, herbivore 3, speed 3, slow metabolism 2
a: Shadow Step, Renounce Religion


You were in the Dungeon.
You worshipped Dithmenos.
Dithmenos was most pleased with you.
You were not hungry.

You visited 1 branch You collected 878 gold pieces.
You spent 292 gold pieces at shops.

Inventory:

Hand Weapons
 a - a +1 dagger (weapon)
 b - a +0 shortbow of flaming
 m - a +0 dagger of draining
 p - a +0 blowgun
Missiles
 l - 40 arrows
 q - 10 curare-tipped needles
Armour
 k - a +1 robe
 n - a +2 cloak (worn)
 o - a +1 robe of cold resistance (worn)
Scrolls
 j - a scroll of blinking
Potions
 e - a potion of curing
 f - a potion of heal wounds
 g - a potion of haste
 h - 2 potions of magic
 i - a potion of berserk rage
Books
 c - a book of Maledictions

   Spells                             Type                      Level
   a - Corona                         Hexes                        1
   b - Ensorcelled Hibernation        Hexes/Ice                    2
   c - Confuse                        Hexes                        3
   d - Tukima's Dance                 Hexes                        3
   e - Dazzling Spray                 Conjuration/Hexes            3
Comestibles
 d - a bread ration


   Skills:
 + Level 3.8 Short Blades
 + Level 11.4 Dodging
 + Level 22.1 Stealth
 + Level 11.0 Spellcasting
 + Level 15.9 Hexes


You had 19 spell levels left.
You knew the following spells:

 Your Spells              Type           Power        Failure   Level  Hunger
a - Corona                Hex            ######.      0%          1    None
b - Ensorcelled Hibernat  Hex/Ice        ####..       1%          2    None
c - Confuse               Hex            ######..     1%          3    None
d - Tukima's Dance        Hex            ######..     1%          3    None
e - Dazzling Spray        Conj/Hex       ####..       1%          3    None


Dungeon Overview and Level Annotations

Branches:
Dungeon (1/1)

Altars:
Cheibriados
Dithmenos
Elyvilon
Fedhas
Gozag
Hepliaklqana
Kikubaaqudgha
Makhleb
Nemelex Xobeh
Okawaru
Qazlal
Ru
Sif Muna
Trog
Uskayaw
Vehumet
Xom
Yredelemnul
Zin
The Shining One
Jiyva
Lugonu

Shops:
D [[


Innate Abilities, Weirdness & Mutations

You are tiny and cannot use many weapons and most armour.
You have supernaturally acute eyesight. (SInv)
You are a herbivore.
You cover ground extremely quickly.
You need consume almost no food.


Message History

You open the door. 2 giant spores come into view.
Found 109 gold pieces, 2 potions of curing and 2 scrolls labeled NISUEM XUPE.
The giant spore waves its rhizomes.
A ballistomycete grows in the wake of the giant spore.
You closely miss the giant spore.
The giant spore waves its rhizomes.
The giant spore explodes!
The explosion of spores engulfs the ballistomycete.
The explosion of spores engulfs you!
You are confused.
Ouch! That really hurt!
You emit a cloud of dark smoke.
The explosion of spores engulfs the giant spore.
The giant spore explodes!
The explosion of spores engulfs the ballistomycete.
The explosion of spores engulfs you!
You are more confused.
Ouch! That really hurt!
You die...

#..#__####..##§#≈§§.§#..#
#..#_____##'#§.†§§§§§§§†#
#⌠⌠#_.∩..÷'..._#§§§§.#.§#
####_..__##_.#'##§#####'###
#_____###'#[#)[§.###.§.#
#########.####'###(###.#
+§§§'.§†..'.∩##.#
#§§§###########.#
##@###......§##§# #§#
#.......§§§#


P$! #+++######§# $?$$$ #§# ####### +§# ### There were no monsters in sight!

Vanquished Creatures
  2 centaur warriors (D)
  Sonja (D)
  2 unseen horrors (D)
  A deep troll (D)
  An oklob plant (D)
  A slime creature (D)
  2 redbacks (D)
  Sigmund (D)
  A yak (D)
  A wasp (D)
  An ogre (D)
  A jelly (D)
  Ijyb (D)
16 creatures vanquished.

Notes
Turn   | Place    | Note
-------+----------+-------------------------------------------
     0 | D        | poirepourri the Spriggan Enchanter began the quest for the Orb.
     0 | D        | Reached XP level 1. HP: 9/9 MP: 5/5
     1 | D        | Noticed Ijyb
    19 | D        | Killed Ijyb
    19 | D        | Reached skill level 6 in Stealth
    19 | D        | Reached skill level 5 in Hexes
    19 | D        | Reached XP level 2. HP: 13/13 MP: 7/7
    25 | D        | Learned a level 2 spell: Ensorcelled Hibernation
    29 | D        | Noticed an ogre
    32 | D        | Killed an ogre
    32 | D        | Reached skill level 9 in Stealth
    32 | D        | Reached XP level 3. HP: 16/16 MP: 8/10
    32 | D        | Reached XP level 4. HP: 21/21 MP: 8/11
    99 | D        | Noticed Sigmund
   102 | D        | Killed Sigmund
   102 | D        | Reached skill level 11 in Stealth
   102 | D        | Reached XP level 5. HP: 24/24 MP: 11/14
   137 | D        | Found a deep blue altar of Sif Muna.
   142 | D        | Learned a level 3 spell: Confuse
   146 | D        | Learned a level 3 spell: Tukima's Dance
   150 | D        | Learned a level 3 spell: Dazzling Spray
   151 | D        | Found a radiant altar of Vehumet.
   155 | D        | Reached skill level 12 in Stealth
   155 | D        | Reached XP level 6. HP: 28/28 MP: 16/16
   177 | D        | Found Kullem's Antique Armour Emporium.
   177 | D        | Found an ancient bone altar of Kikubaaqudgha.
   177 | D        | Found a hazy altar of Hepliaklqana.
   177 | D        | Found a stormy altar of Qazlal.
   177 | D        | Found a hide-covered altar of Uskayaw.
   177 | D        | Found a blossoming altar of Fedhas.
   177 | D        | Found a bloodstained altar of Trog.
   177 | D        | Found an iron altar of Okawaru.
   177 | D        | Found a basalt altar of Yredelemnul.
   177 | D        | Found a glowing golden altar of the Shining One.
   177 | D        | Found a snail-covered altar of Cheibriados.
   177 | D        | Found a sacrificial altar of Ru.
   177 | D        | Found a glowing silver altar of Zin.
   177 | D        | Found a shadowy altar of Dithmenos.
   177 | D        | Found a white marble altar of Elyvilon.
   177 | D        | Noticed a yak
   178 | D        | Found an opulent altar of Gozag.
   179 | D        | Killed a yak
   179 | D        | Reached skill level 13 in Stealth
   179 | D        | Reached skill level 10 in Hexes
   180 | D        | Found a sparkling altar of Nemelex Xobeh.
   188 | D        | Became a worshipper of Dithmenos the Shadowed
   212 | D        | Found a burning altar of Makhleb.
   212 | D        | Found a viscous altar of Jiyva.
   212 | D        | Found a shimmering altar of Xom.
   212 | D        | Found a corrupted altar of Lugonu.
   212 | D        | Noticed a slime creature
   225 | D        | Killed a slime creature
   225 | D        | Reached skill level 14 in Stealth
   225 | D        | Reached XP level 7. HP: 32/32 MP: 11/18
   296 | D        | Noticed a centaur warrior
   296 | D        | Noticed a centaur warrior
   307 | D        | Killed a centaur warrior
   307 | D        | Reached skill level 16 in Stealth
   307 | D        | Reached XP level 8. HP: 36/36 MP: 16/21
   312 | D        | Killed a centaur warrior
   312 | D        | Reached * piety under Dithmenos
   312 | D        | Reached skill level 10 in Dodging
   312 | D        | Reached skill level 18 in Stealth
   399 | D        | Noticed an oklob plant
   401 | D        | Killed an oklob plant
   401 | D        | Reached skill level 19 in Stealth
   401 | D        | Reached XP level 9. HP: 39/39 MP: 23/23
   411 | D        | Reached ** piety under Dithmenos
   414 | D        | Reached skill level 10 in Spellcasting
   435 | D        | Noticed an unseen horror
   435 | D        | Noticed an unseen horror
   441 | D        | Killed an unseen horror
   441 | D        | Reached skill level 20 in Stealth
   441 | D        | Reached skill level 15 in Hexes
   443 | D        | Killed an unseen horror
   443 | D        | Reached *** piety under Dithmenos
   485 | D        | Noticed a deep troll
   487 | D        | Killed a deep troll
   487 | D        | Reached skill level 21 in Stealth
   487 | D        | Reached XP level 10. HP: 44/44 MP: 25/25
   503 | D        | Found Nujepn's Armour Emporium.
   508 | D        | Bought a +2 cloak for 165 gold pieces
   508 | D        | Bought a +1 robe of cold resistance for 127 gold pieces
   535 | D        | Noticed Sonja
   538 | D        | Killed Sonja
   538 | D        | Reached skill level 22 in Stealth
   576 | D        | Killed by an exploding giant spore

Vault maps used:
D:        dungeon_sprint_1

Skill      XL: |  1  2  3  4  5  6  7  8  9 10 |
---------------+-------------------------------+-----
Dodging        | 4 6 7 8 9 10 11 | 11.4
Stealth        | 6 9 11 12 14 16 19 21 22 | 22.1
Spellcasting   | 3 4 6 7 8 9 10 11 | 11.0
Hexes          | 5 7 9 11 12 14 15 | 15.9
Short Blades   | 2 3 |  3.8

Action                   |  1- 3 |  4- 6 |  7- 9 | 10-12 || total
-------------------------+-------+-------+-------+-------++-------
Melee: Dagger            |    17 |     7 |     9 |     2 ||    35
 Fire: Shortbow          |       |       |       |     2 ||     2
 Cast: Confuse           |       |     2 |       |       ||     2
       Ensorcelled Hiber |       |       |     4 |       ||     4
  Use: Scroll            |       |       |       |     1 ||     1
 Stab: Sleeping          |     2 |     3 |     9 |     1 ||    15
       Confused          |       |     2 |       |       ||     2
Armor: Robe              |     2 |       |       |       ||     2
Dodge: Dodged            |    11 |       |     1 |       ||    12
